 Dungeon Crawl Stone Soup version 0.17-a0-1181-gabc46e6 (webtiles) character file.

100 Hanyuu the Insei (level 4, -4/28 HPs)
             Began as an Octopode Transmuter on May 31, 2015.
             Slain by a giant gecko (5 damage)
             ... on level 4 of the Dungeon.
             The game lasted 00:04:46 (3048 turns).

Hanyuu the Insei (Octopode Transmuter)              Turns: 3048, Time: 00:04:47

Health: -4/28      AC:  2    Str:  9    XL:     4   Next: 74%
Magic:  4/7        EV: 19    Int: 16    God:
Gold:   97         SH:  0    Dex: 17    Spells: 3 memorised, 1 level left

rFire  . . .     SeeInvis .       - Unarmed
rCold  . . .     Clarity  .     (shield currently unavailable)
rNeg   . . .     SustAt   .     (helmet currently unavailable)
rPois  x         Gourm    .     (no amulet)
rElec  .         Spirit   .     (no ring)
rCorr  .         Warding  .     (no ring)
rMut   .         Stasis   .     (no ring)
MR     .....                    (no ring)
Stlth  ++........               (no ring)
                                (no ring)
                                (no ring)
                                (no ring)

@: spider-form (expiring), not resistant to hostile enchantments, unstealthy
A: almost no armour, amphibious, 8 rings, (constrict 8), (camouflage 0),
(gelatinous body 0)
a: End Transformation


You were on level 4 of the Dungeon.
You were hungry.
You were a venomous arachnid creature.
You visited 1 branch of the dungeon, and saw 4 of its levels.

You collected 97 gold pieces.

Inventory:

Missiles
 a - 12 arrows
Magical devices
 o - a wand of cold (12)
Scrolls
 d - a scroll of fog {unknown}
 e - 4 scrolls of remove curse {unknown}
 f - 5 scrolls of teleportation {unknown}
 h - 5 scrolls of identify {unknown}
 n - a scroll of enchant armour {unknown}
 p - a scroll of noise {unknown}
 s - a scroll of magic mapping {unknown}
Potions
 i - a potion of might {unknown}
 j - 2 potions of resistance {unknown}
 k - a potion of flight {unknown}
 l - 3 potions of lignification {unknown}
 m - a potion of curing {unknown}
 q - 2 potions of brilliance {unknown}
 r - 2 potions of mutation {unknown}
 u - a potion of cancellation {unknown}
Books
 b - a book of Changes

   Spells                             Type                      Level
   a - Beastly Appendage              Transmutation                1
   b - Sticks to Snakes               Transmutation                2
   c - Spider Form                    Transmutation/Poison         3
   d - Ice Form                       Ice/Transmutation            4
   e - Blade Hands                    Transmutation                5
Comestibles
 c - a bread ration
 g - 2 meat rations


   Skills:
 + Level 1.6 Fighting
 - Level 2.0 Dodging
 * Level 5.0 Unarmed Combat
 - Level 2.0 Spellcasting
 - Level 2.0 Transmutations
 - Level 1.0 Poison Magic


You had one spell level left.
You knew the following spells:

 Your Spells              Type           Power        Failure   Level  Hunger
a - Beastly Appendage     Trmt           #.....       24%         1    #......
b - Sticks to Snakes      Trmt           #.........   32%         2    ###....
c - Spider Form           Trmt/Pois      #.........   56%         3    ###....


Dungeon Overview and Level Annotations

Branches:
Dungeon (4/15)
 Temple: D:4-7

Altars:


Innate Abilities, Weirdness & Mutations

You cannot wear most types of armour.
You are amphibious.
You can wear up to eight rings at the same time.
((You can use your tentacles to constrict eight enemies at once.))
((Your skin changes colour to match your surroundings (Stealth).))
((Your rubbery body absorbs attacks (AC +1).))


Message History

The orc priest barely misses you. The giant gecko completely misses you.
You bite the orc priest!
The orc priest is poisoned.
The orc priest is heavily wounded.
The orc priest mumbles some strange prayers to Beogh against you.
Pain shoots through your body!
* * * LOW HITPOINT WARNING * * *
The giant gecko completely misses you.
You bite the orc priest!
You kill the orc priest!
Your Unarmed Combat skill increases to level 5!
Your transformation is almost over.
The giant gecko closely misses you.
You hit the giant gecko.
The giant gecko is poisoned.
The giant gecko is severely wounded.
The giant gecko bites you.
* * * LOW HITPOINT WARNING * * *
You closely miss the giant gecko.
The giant gecko is severely wounded.
The giant gecko bites you.
You die...

.. .# ..
..##
.##..(.
......#
......#
......#
##o......
#s[....o.
#.l......
.........
###.......
......#
......+
......#
......#


You could see an orc priest, an orc and a giant gecko.

Vanquished Creatures
  An orc priest (D:4)
  2 adders
  A worm (D:2)
  6 orcs
  6 bats
  6 giant cockroaches
  A goblin (D:1)
  6 hobgoblins
  6 kobolds
  5 giant newts
  4 rats
44 creatures vanquished.

Notes
Turn   | Place    | Note
--------------------------------------------------------------
     0 | D:1      | Hanyuu the Octopode Transmuter began the quest for the Orb.
     0 | D:1      | Reached XP level 1. HP: 13/13 MP: 3/3
   360 | D:1      | Reached XP level 2. HP: 15/18 MP: 5/5
   898 | D:1      | Reached skill level 4 in Unarmed Combat
  1102 | D:2      | Reached XP level 3. HP: 23/23 MP: 6/6
  1107 | D:2      | Learned a level 2 spell: Sticks to Snakes
  1111 | D:2      | Learned a level 3 spell: Spider Form
  1243 | D:2      | Reached skill level 1 in Poison Magic
  2512 | D:3      | Reached XP level 4. HP: 17/28 MP: 0/7
  3046 | D:4      | Reached skill level 5 in Unarmed Combat
  3047 | D:4      | HP: 1/28 [giant gecko (3)]
  3048 | D:4      | Slain by a giant gecko

Vault maps used:
D:1:      dpeg_arrival_round_a
D:3:      kennysheep_generic_room_11

Action                   |  1- 3 |  4- 6 || total
-------------------------+-------+-------++-------
Melee: Unarmed           |   108 |    15 ||   123
 Cast: Beastly Appendage |     1 |       ||     1
       Spider Form       |     3 |     1 ||     4
 Stab: Sleeping          |     6 |       ||     6
  Eat: Chunk             |     3 |     3 ||     6
       Pizza             |     1 |       ||     1
